 Dungeon Crawl Stone Soup version 0.29.0-4-gdea44cf6ec (webtiles) character file.

Game seed: 3387194282012033440

110 qw the Chopper (level 4, -3/26 HPs)
             Began as a Tengu Warper on Aug 28, 2022.
             Slain by a gnoll
             ... wielding a +0 spear
              (7 damage)
             ... on level 3 of the Dungeon.
             The game lasted 00:00:15 (2545 turns).

qw the Chopper (Tengu Warper)                       Turns: 2545, Time: 00:00:15

Health: -3/26      AC:  8    Str: 13    XL:     4   Next: 91%
Magic:  8/8        EV:  6    Int: 14    God:
Gold:   169        SH:  0    Dex: 13    Spells: 7/7 levels left

rFire   . . .      SeeInvis .   Y - +0 hand axe
rCold   . . .      Faith    .   (no shield)
rNeg    . . .      Spirit   .   a - +0 chain mail
rPois   +          Reflect  .   (helmet restricted)
rElec   .          Harm     .   (no cloak)
rCorr   .          Rampage  .   (no gloves)
Will    .....                   (boots unavailable)
Stlth   ..........              (no amulet)
HPRegen 0.08/turn               h - ring of poison resistance
MPRegen 0.11/turn               (no ring)

@: no status effects
A: beak, talons 3
a: no special abilities


You were on level 3 of the Dungeon.
You visited 1 branch of the dungeon, and saw 3 of its levels.

You collected 169 gold pieces.


Innate Abilities, Weirdness & Mutations

You have a beak for a mouth.
You have claws for feet.


   Skills:
 - Level 2.0 Fighting
 + Level 5.4 Axes
 - Level 1.0 Throwing
 - Level 1.1 Armour
 - Level 2.1 Dodging
 - Level 2.0 Spellcasting
 - Level 2.4 Translocations


You had 7 spell levels left.
You didn't know any spells.
Your spell library contained the following spells:

 Spells                   Type           Power      Damage    Failure   Level
 Blink                    Tloc           16%        N/A       99%         2
 Gell's Gravitas          Tloc           8%         N/A       100%        3
 Lesser Beckoning         Tloc           8%         N/A       100%        3
 Teleport Other           Tloc           8%         N/A       100%        3
 Manifold Assault         Tloc           8%         N/A       100%        5

Inventory:

Hand Weapons
 f - a +0 mace
 Y - a +0 hand axe (weapon)
Armour
 a - a +0 chain mail (worn)
Jewellery
 h - a ring of poison resistance (left hand)
Scrolls
 b - a scroll of torment {unknown}
 d - a scroll of fear {unknown}
 g - a scroll of identify
Potions
 c - a potion of mutation

Dungeon Overview and Level Annotations

Branches:
Dungeon (3/15)

Altars:


Message History

Enter note:
2534 ||| Stepping ~*~*~tactically~*~*~ (hiding).
You start waiting.
A gnoll is nearby!
A gnoll comes into view. It is wielding a +0 spear.
The gnoll shouts!
The gnoll hits you but does no damage.
You hit the gnoll. Your kick misses the gnoll.
The gnoll is lightly wounded.
You hit the gnoll. The gnoll hits you with a +0 spear.
The gnoll hits you with a +0 whip.
You hit the gnoll. You claw the gnoll.
The gnoll is moderately wounded.
You hit the gnoll. The gnoll hits you but does no damage.
The gnoll hits you with a +0 whip.
You hit the gnoll. Your kick misses the gnoll. You peck the gnoll.
The gnoll is almost dead.
You hit the gnoll.
The gnoll hits you from afar with a +0 spear.
The gnoll hits you with a +0 spear. The gnoll hits you but does no damage.
You barely miss the gnoll. You claw the gnoll, but do no damage.
The gnoll is almost dead.
You barely miss the gnoll. The gnoll hits you with a +0 spear.
The gnoll barely misses you. The gnoll hits you but does no damage.
You closely miss the gnoll. You claw the gnoll.
You kill the gnoll!
You hit the gnoll. The gnoll hits you with a +0 spear!
The gnoll completely misses you.
You hit the gnoll. You claw the gnoll.
The gnoll is heavily wounded.
The gnoll barely misses you. x2
You barely miss the gnoll. You claw the gnoll.
The gnoll is severely wounded.
The gnoll hits you but does no damage. x2
You closely miss the gnoll. You peck the gnoll.
The gnoll is almost dead.
The gnoll barely misses you.
The gnoll hits you from afar with a +0 spear!
You die...

### ######## # ..
# ......# ##.#.#
#.##.##.#
##.#..####
#.#...#.##
#.#..)...#
#..>.....# #..@g#
#.#...#..#
##.#.g....#
#........#
#.###...##
####.###.######.#
..# #.#
#........# ## #.#
##########
###.###.....#
#...........#
#.##.##...>.#


You could see 2 gnolls.

Vanquished Creatures
  A gnoll (D:3)
  4 adders (D:2)
  3 dart slugs (D:1)
  3 orcs
  5 ball pythons
  7 bats
  2 endoplasms
  3 hobgoblins
  4 jackals (D:1)
  2 quokkas (D:1)
  3 frilled lizards
  6 goblins
  7 kobolds
  6 rats
56 creatures vanquished.

Notes
Turn   | Place    | Note
-------+----------+-------------------------------------------
     0 | D:1      | qw the Tengu Warper began the quest for the Orb.
     0 | D:1      | Reached XP level 1. HP: 12/12 MP: 4/4
     0 | D:1      | 0 ||| qw: Version: 0.1-a-89-g26bdef1
     0 | D:1      | 0 ||| qw: Game counter: 2949
     0 | D:1      | 0 ||| qw: Always use a shield: true
     0 | D:1      | 0 ||| qw: God list: Okawaru
     0 | D:1      | 0 ||| qw: Allow faded altars: false
     0 | D:1      | 0 ||| qw: Do Orc after D:15 true
     0 | D:1      | 0 ||| qw: Do second Lair branch before Depths: true
     0 | D:1      | 0 ||| qw: Lair rune preference: random
     0 | D:1      | 0 ||| qw: Plans: Normal
     0 | D:1      | 0 ||| PLANNING D:1-11
   166 | D:1      | 166 ||| Stepping ~*~*~tactically~*~*~ (stealth).
   183 | D:1      | Reached XP level 2. HP: 11/17 MP: 6/6
   304 | D:1      | Reached skill level 3 in Axes
   371 | D:1      | 371 ||| Stepping ~*~*~tactically~*~*~ (stealth).
   372 | D:1      | 372 ||| Stepping ~*~*~tactically~*~*~ (stealth).
   373 | D:1      | 373 ||| Stepping ~*~*~tactically~*~*~ (stealth).
   375 | D:1      | 375 ||| Stepping ~*~*~tactically~*~*~ (stealth).
   379 | D:1      | 379 ||| Stepping ~*~*~tactically~*~*~ (stealth).
   381 | D:1      | 381 ||| Stepping ~*~*~tactically~*~*~ (stealth).
   383 | D:1      | 383 ||| Stepping ~*~*~tactically~*~*~ (stealth).
   698 | D:1      | 698 ||| DROPPING +0 club.
   725 | D:1      | 725 ||| Stepping ~*~*~tactically~*~*~ (stealth).
   726 | D:1      | 726 ||| Stepping ~*~*~tactically~*~*~ (stealth).
   727 | D:1      | 727 ||| Stepping ~*~*~tactically~*~*~ (stealth).
   732 | D:1      | Reached XP level 3. HP: 19/21 MP: 7/7
   918 | D:1      | Reached skill level 4 in Axes
  1327 | D:1      | 1327 ||| UPGRADING to +0 ring mail.
  1337 | D:1      | 1337 ||| DROPPING +0 leather armour.
  1338 | D:1      | 1338 ||| UPGRADING to ring of poison resistance.
  1339 | D:1      | 1339 ||| READING scroll labelled POXUACVU PYET.
  1340 | D:1      | 1340 ||| READING 2 scrolls labelled TECWAA TE ILAXI.
  1341 | D:1      | 1341 ||| DROPPING scroll of blinking.
  1546 | D:2      | Reached XP level 4. HP: 26/26 MP: 8/8
  1780 | D:2      | 1780 ||| Stepping ~*~*~tactically~*~*~ (hiding).
  1781 | D:2      | 1781 ||| Stepping ~*~*~tactically~*~*~ (hiding).
  1783 | D:2      | 1783 ||| Stepping ~*~*~tactically~*~*~ (hiding).
  1790 | D:2      | Reached skill level 5 in Axes
  1846 | D:2      | 1846 ||| FLEEEEING.
  1847 | D:2      | 1847 ||| FLEEEEING.
  1848 | D:2      | 1848 ||| FLEEEEING.
  1849 | D:2      | 1849 ||| FLEEEEING.
  1850 | D:2      | 1850 ||| FLEEEEING.
  1851 | D:2      | 1851 ||| FLEEEEING.
  1852 | D:2      | 1852 ||| FLEEEEING.
  1853 | D:2      | 1853 ||| FLEEEEING.
  1854 | D:2      | 1854 ||| FLEEEEING.
  1855 | D:2      | 1855 ||| FLEEEEING.
  1856 | D:2      | 1856 ||| FLEEEEING.
  1857 | D:2      | 1857 ||| FLEEEEING.
  1858 | D:2      | 1858 ||| FLEEEEING.
  1859 | D:2      | 1859 ||| FLEEEEING.
  1860 | D:2      | 1860 ||| FLEEEEING.
  1861 | D:2      | 1861 ||| FLEEEEING.
  1862 | D:2      | 1862 ||| FLEEEEING.
  1863 | D:2      | 1863 ||| FLEEEEING.
  1864 | D:2      | 1864 ||| FLEEEEING.
  1865 | D:2      | 1865 ||| FLEEEEING.
  1866 | D:2      | 1866 ||| FLEEEEING.
  1867 | D:2      | 1867 ||| FLEEEEING.
  1868 | D:2      | 1868 ||| FLEEEEING.
  1869 | D:2      | 1869 ||| FLEEEEING.
  1870 | D:2      | 1870 ||| FLEEEEING.
  1871 | D:2      | 1871 ||| STAIRDANCE
  1947 | D:1      | 1947 ||| UPGRADING to +0 chain mail.
  1957 | D:1      | 1957 ||| DROPPING +0 ring mail.
  1958 | D:1      | 1958 ||| DROPPING amulet of magic regeneration.
  1959 | D:1      | 1959 ||| READING 2 scrolls of identify.
  1959 | D:1      | 1959 ||| IDENTIFYING blue potion
  1960 | D:1      | 1960 ||| DROPPING potion of invisibility.
  1963 | D:2      | 1963 ||| STAIRDANCE
  2257 | D:2      | Found a faded altar of an unknown god.
  2414 | D:2      | 2414 ||| READING scroll labelled RUARCH TUEK.
  2417 | D:2      | 2417 ||| READING 2 scrolls of identify.
  2417 | D:2      | 2417 ||| IDENTIFYING ruby potion
  2534 | D:3      | 2534 ||| Stepping ~*~*~tactically~*~*~ (hiding).
  2542 | D:3      | HP: 3/26 [gnoll/+0 spear (8)]
  2545 | D:3      | Slain by a gnoll

Levels and vault maps discovered:
D:1:      wander_arrival_lonely_grave, layout_basic
D:2:      layout_loops_ring, chequers_ecumenical_altar_twisty,
          guppyfry_early_orc_mine
D:3:      layout_loops_cross

Skill      XL: |  1  2  3  4 |
---------------+-------------+-----
Axes           | 3 4 5 |  5.4
Fighting       | |  2.0
Throwing       | |  1.0
Armour         | |  1.1
Dodging        | |  2.1
Spellcasting   | |  2.0
Translocations | |  2.4

Action                   |  1- 3 |  4- 6 || total
-------------------------+-------+-------++-------
Melee: Hand axe          |    89 |    62 ||   151
       Kick              |    19 |    18 ||    37
       Peck              |     9 |     9 ||    18
       Punch             |     1 |       ||     1
Throw: Boomerang         |     7 |       ||     7
  Use: Scroll            |     2 |     3 ||     5
Armor: Leather armour    |    18 |       ||    18
       Ring mail         |     4 |    16 ||    20
       Chain mail        |       |    21 ||    21
Dodge: Dodged            |    55 |    33 ||    88

Table legend:
 A = Non-vault XP
 B = Vault XP
 C = Vault XP percentage of total XP
 D = Non-vault monster count
 E = Vault monster count
 F = Vault count percentage of total count
                 A         B        C        D         E       F
            +---------+---------+-------+---------+---------+-------
      Total |     141 |      17 |  10.8 |      49 |       7 |  12.5
            +---------+---------+-------+---------+---------+-------
        D:1 |      59 |       3 |   4.8 |      33 |       1 |   2.9
        D:2 |      68 |      14 |  17.1 |      15 |       6 |  28.6
        D:3 |      14 |       0 |   0.0 |       1 |       0 |   0.0
            +---------+---------+-------+---------+---------+-------
